 Dungeon Crawl Stone Soup version 0.26-a0-651-gb41185065b (webtiles) character file.

Game seed: 1695511622685882547

39 vurker the Sneak (level 3, 0/25 HPs)
             Began as a Gnoll Enchanter on Oct 31, 2020.
             Succumbed to an adder's poison
             ... on level 2 of the Dungeon.
             The game lasted 00:01:34 (1203 turns).

vurker the Sneak (Gnoll Enchanter)                  Turns: 1203, Time: 00:01:34

Health: 0/25       AC:  2    Str:  8 (10) XL:     3   Next: 47%
Magic:  9/9        EV: 14    Int: 15 (18) God:
Gold:   83         SH:  0    Dex: 12 (15) Spells: 11/12 levels left

rFire    . . .     SeeInvis .   a - +1 dagger
rCold    . . .     Faith    .   (no shield)
rNeg     . . .     Spirit   .   b - +0 robe
rPois    .         Reflect  .   (no helmet)
rElec    .         Harm     .   (no cloak)
rCorr    .         Rampage  .   (no gloves)
MR       .....                  (no boots)
Stlth    +++.......             (no amulet)
HPRegen  0.08/turn              d - ring of flight
MPRegen  0.11/turn              (no ring)

@: lethally poisoned (0 -> -5)
A: distributed training, fangs 1, strong nose
a: Evoke Flight


You were on level 2 of the Dungeon.
You visited 1 branch of the dungeon, and saw 2 of its levels.

You collected 83 gold pieces.

Inventory:

Hand Weapons
 a - a +1 dagger (weapon)
Armour
 b - a +0 robe (worn)
Jewellery
 d - a ring of flight (left hand)
   (You found it on level 1 of the Dungeon)
Scrolls
 c - 2 scrolls of remove curse {unknown}
 g - 2 scrolls of identify {unknown}
 i - a scroll of random uselessness {unknown}
 j - a scroll of teleportation {unknown}


   Skills:
 + Level 0.8 Fighting
 + Level 2.6 Short Blades
 + Level 0.8 Long Blades
 + Level 0.8 Axes
 + Level 0.8 Maces & Flails
 + Level 0.8 Polearms
 + Level 0.8 Staves
 + Level 0.8 Slings
 + Level 0.8 Bows
 + Level 0.8 Crossbows
 + Level 0.8 Throwing
 + Level 0.8 Armour
 + Level 4.5 Dodging
 + Level 6.0 Stealth
 + Level 0.8 Shields
 + Level 0.8 Unarmed Combat
 + Level 5.0 Spellcasting
 + Level 0.5 Conjurations
 + Level 5.4 Hexes
 + Level 0.5 Summonings
 + Level 0.5 Necromancy
 + Level 0.5 Translocations
 + Level 0.5 Transmutations
 + Level 0.5 Fire Magic
 + Level 0.5 Ice Magic
 + Level 0.5 Air Magic
 + Level 0.5 Earth Magic
 + Level 0.5 Poison Magic
 + Level 1.0 Invocations
 + Level 0.8 Evocations


You had 11 spell levels left.
You knew the following spells:

 Your Spells              Type           Power        Failure   Level
a - Corona                Hex            ###....      1%          1

Your spell library contained the following spells:

 Spells                   Type           Power        Failure   Level
 Confusing Touch          Hex            ###.....     5%          3
 Tukima's Dance           Hex            ###.....     5%          3
 Ensorcelled Hibernation  Hex/Ice        ##....       7%          2
 Dazzling Flash           Conj/Hex       ##....       14%         3


Dungeon Overview and Level Annotations

Branches:
Dungeon (2/15)

Altars:


Innate Abilities, Weirdness & Mutations

Your experience applies equally to all skills.
You have very sharp teeth.
Your uncanny sense of smell can sniff out nearby items.


Message History

Nothing appears to happen.
The adder completely misses you. The adder bites you.
* * * LOW HITPOINT WARNING * * *
It was a potion of curing.
You feel better. The adder bites you.
You closely miss the adder. The adder bites you.
* * * LOW HITPOINT WARNING * * *
You miss the adder. The adder barely misses you.
You hit the adder. You bite the adder, but do no damage. The adder bites you.
* * * LOW HITPOINT WARNING * * *
You are poisoned.
The adder poisons you!
You hit the adder but do no damage.
You feel sick. The adder barely misses you.
You barely miss the adder. The adder closely misses you.
You miss the adder. Your bite misses the adder. The adder closely misses you.
The adder bites you.
* * * LOW HITPOINT WARNING * * *
Your magical contamination has completely faded away.
You hit the adder but do no damage. The adder bites you.
* * * LOW HITPOINT WARNING * * *
It was a potion of cancellation.
You feel magically purged.
You feel sick. The adder closely misses you.
You miss the adder. The adder completely misses you.
You miss the adder. Your bite misses the adder.
The adder completely misses you.
You miss the adder. The adder closely misses you.
You hit the adder but do no damage. Your bite misses the adder.
The adder bites you.
* * * LOW HITPOINT WARNING * * *
You are lethally poisoned!
The adder poisons you!
It was a potion of magic.
Magic courses through your body.
* * * LOW HITPOINT WARNING * * *
You feel sick. The adder closely misses you.
You closely miss the adder. Your bite misses the adder.
* * * LOW HITPOINT WARNING * * *
You feel sick. The adder barely misses you. The adder closely misses you.
Unknown command.
It was a potion of degeneration.
There was something very wrong with that liquid.
You feel weakened.
You feel dopey.
You feel clumsy. The adder closely misses you.
You hit the adder.
* * * LOW HITPOINT WARNING * * *
You feel sick. The adder closely misses you.
You barely miss the adder. The adder closely misses you.
You hit the adder.
You kill the adder!
Your Stealth skill increases to level 6!
Your Invocations skill increases to level 1!
You die...

∆ .... .....
......########.....
#.....#............
#?...(#............
#.....#............
#.....#............
.#.....#............
.........@..........
.....###+#.........####
.... #.#.........# ...
#.##........# ..
##'#.........#
#.##............# .#
#..#............# ..#
###.#............###..#
#....#+#..............#


There were no monsters in sight!

Vanquished Creatures
  An adder (D:2)
  2 oozes (D:1)
  A worm (D:2)
  5 bats (D:1)
  2 giant cockroaches (D:1)
  2 goblins
  2 hobgoblins (D:1)
  A frilled lizard (D:2)
  4 kobolds (D:1)
20 creatures vanquished.

Notes
Turn   | Place    | Note
-------+----------+-------------------------------------------
     0 | D:1      | vurker the Gnoll Enchanter began the quest for the Orb.
     0 | D:1      | Reached XP level 1. HP: 13/13 MP: 6/6
   151 | D:1      | Reached XP level 2. HP: 19/19 MP: 7/7
   723 | D:1      | Reached XP level 3. HP: 22/25 MP: 9/9
  1034 | D:2      | Reached skill level 5 in Spellcasting
  1201 | D:2      | HP: 1/25 [poisoned by an adder]
  1203 | D:2      | Reached skill level 6 in Stealth
  1203 | D:2      | Reached skill level 1 in Invocations
  1203 | D:2      | Succumbed to an adder's poison

Illustrated notes

Levels and vault maps discovered:
D:1:      kilobyte_arrival_exit_the_forest, layout_rooms
D:2:      layout_basic, uniq_crazy_yiuf_cottage, uniq_jessica

Skill      XL: |  1  2  3 |
---------------+----------+-----
Spellcasting   | 5 |  5.0
Stealth        | 6 |  6.0
Invocations    | 1 |  1.0
Fighting       | |  0.8
Short Blades   | |  2.6
Long Blades    | |  0.8
Axes           | |  0.8
Maces & Flails | |  0.8
Polearms       | |  0.8
Staves         | |  0.8
Slings         | |  0.8
Bows           | |  0.8
Crossbows      | |  0.8
Throwing       | |  0.8
Armour         | |  0.8
Dodging        | |  4.5
Shields        | |  0.8
Unarmed Combat | |  0.8
Conjurations   | |  0.5
Hexes          | |  5.4
Summonings     | |  0.5
Necromancy     | |  0.5
Translocations | |  0.5
Transmutations | |  0.5
Fire Magic     | |  0.5
Ice Magic      | |  0.5
Air Magic      | |  0.5
Earth Magic    | |  0.5
Poison Magic   | |  0.5
Evocations     | |  0.8

Action                   || total
-------------------------++-------
Melee: Dagger            ||   114
       Bite              ||     7
 Cast: Corona            ||     1
  Use: Potion            ||     4
 Stab: Sleeping          ||    10
Armor: Robe              ||    15
Dodge: Dodged            ||    91

Table legend: (Time is in decaauts)
 A = Elapsed time spent in this place.
 B = Non-inter-level travel time spent in this place.
 C = Inter-level travel time spent in this place.
 D = Time resting spent in this place.
 E = Time spent auto-exploring this place.
 F = Levels seen in this place.
 G = Mean time per level.
                   A        B        C        D        E       F      G
               +--------+--------+--------+--------+--------+-----+--------+
         Total |   1194 |   1161 |     33 |      0 |    914 |   2 |  597.0 |
       Dungeon |   1194 |   1161 |     33 |      0 |    914 |   2 |  597.0 |
               +--------+--------+--------+--------+--------+-----+--------+

Top non-repeatable levels by time:
     D:1: 1013 daAuts
     D:2: 181 daAuts
